cohdb
Replays
Latest Replays
All Replays
Popular Replays
Top Player Replays
Match Explorer
How It Works
Community
CoH3 Stats
Reddit
Sign in to upload your games and track your stats! →
Sign in with Steam
Match 41444978
Unlisted
Match 41444978
Overview
Messages
Build Orders
End
Pioneer Squad
Construct Infanterie Kompanie
Grenadier Squad
Grenadier Squad
MG 42 Machine Gun Team
Construct Panzergrenadier Kompanie
Selects Terror Battlegroup
Selects Machine Gun Camouflage
Panzergrenadier Squad
Panzergrenadier Squad
251 Medium Carrier
Pak 40 Anti-tank Gun Team
Support Elements
StuG III G Assault Gun
Selects Interrogate
Selects No Quarter
Pioneer Squad
MadMax
IssaY165
0
0
Comments
sign in to comment!
No comments posted yet!